 Dungeon Crawl Stone Soup version 0.27-a0-773-gaaee5cf45b (webtiles) character file.

Game seed: 14698816253018168229

3957 porpoise the Destroyer (level 10, -6/59 HPs)
             Began as a Deep Elf Conjurer on Mar 26, 2021.
             Was a Follower of Vehumet.
             Mangled by a two-headed ogre
             ... wielding a +0 giant club
              (7 damage)
             ... on level 9 of the Dungeon.
             The game lasted 00:40:50 (9842 turns).

porpoise the Destroyer (Deep Elf Conjurer)          Turns: 9842, Time: 00:40:50

Health: -6/59      AC:  4    Str:  5    XL:     10   Next: 2%
Magic:  19/19      EV: 11    Int: 26    God:    Vehumet [*.....]
Gold:   430        SH:  0    Dex: 13    Spells: 8/19 levels left

rFire    . . .     SeeInvis .   b - +0 hunting sling
rCold    + . .     Faith    .   n - +0 buckler
rNeg     . . .     Spirit   .   q - +0 robe
rPois    .         Reflect  .   (no helmet)
rElec    .         Harm     .   I - +0 cloak
rCorr    .         Rampage  .   l - +0 pair of gloves
Will     +....                  (no boots)
Stlth    ++........             h - amulet of regeneration
HPRegen  1.19/turn              k - ring of protection from cold
MPRegen  0.16/turn              u - +4 ring of evasion

@: held
A: no striking features
a: Renounce Religion


You were on level 9 of the Dungeon.
You worshipped Vehumet.
Vehumet was aware of your devotion.
You visited 2 branches of the dungeon, and saw 10 of its levels.
You also visited: Sewer.

You collected 430 gold pieces.

Inventory:

Hand Weapons
 a - a +2 trident of venom
 b - a +0 hunting sling (weapon)
 e - a +2 short sword of draining
 y - a +3 dagger of venom
Missiles
 s - 100 sling bullets (quivered ammo)
 z - 2 boomerangs
 F - 13 poisoned darts
Armour
 l - a +0 pair of gloves (worn)
 n - a +0 buckler (worn)
 q - a +0 robe (worn)
 I - a +0 cloak (worn)
Magical Staves
 d - a staff of cold
Jewellery
 h - an amulet of regeneration (around neck)
 k - a ring of protection from cold (right hand)
 m - a ring of flight
 p - a ring of see invisible
 u - a +4 ring of evasion (left hand)
Wands
 j - a wand of paralysis (11)
 w - a wand of flame (5)
 x - a wand of mindburst (12)
 B - a wand of random effects (39)
Scrolls
 f - 5 scrolls of teleportation
 r - a scroll of vulnerability
 t - a scroll of noise
 v - a scroll of enchant weapon {unknown}
 A - a scroll of enchant armour {unknown}
 D - a scroll of brand weapon {unknown}
 G - a scroll of silence {unknown}
Potions
 c - 4 potions of magic
 g - 6 potions of flight
 i - a potion of might
 o - 4 potions of attraction
 C - a potion of ambrosia
 E - a potion of lignification
 H - a potion of degeneration {unknown}


   Skills:
 - Level 5.0 Fighting
 - Level 5.0 Dodging
 - Level 2.4 Stealth
 - Level 4.0 Shields
 + Level 5.0 Spellcasting
 + Level 8.8 Conjurations
 - Level 7.0 Hexes
 - Level 5.0 Translocations
 - Level 5.0 Evocations


You had 8 spell levels left.
You knew the following spells:

 Your Spells              Type           Power      Damage    Failure   Level
a - Magic Dart            Conj           100%       1d8       1%          1
b - Searing Ray           Conj           100%       3d7       1%          2
c - Fulminant Prism       Conj/Hex       23%        3d13      3%          4
d - Iskenderun's Mystic   Conj/Tloc      42%        2d10      4%          4

Your spell library contained the following spells:

 Spells                   Type           Power      Damage    Failure   Level
 Shock                    Conj/Air       100%       1d9       1%          1
 Apportation              Tloc           64%        N/A       1%          1
 Corona                   Hex            46%        N/A       1%          1
 Dazzling Flash           Conj/Hex       94%        N/A       1%          3
 Conjure Flame            Conj/Fire      29%        6-21      3%          3
 Mephitic Cloud           Conj/Pois/Air  21%        N/A       7%          3
 Animate Skeleton         Necr           12%        N/A       8%          1
 Summon Small Mammal      Summ           24%        N/A       8%          1
 Poisonous Vapours        Pois/Air       12%        N/A       12%         2
 Freezing Cloud           Conj/Ice/Air   10%        6-21      98%         6


Dungeon Overview and Level Annotations

Branches:
Dungeon (9/15)             Temple (1/1) D:7            Lair (0/6) D:8
  Sewer (visited)
    Orc: D:9-12

Altars:
Ashenzari
Cheibriados
Dithmenos
Elyvilon
Fedhas
Gozag
Hepliaklqana
Kikubaaqudgha
Makhleb
Nemelex Xobeh
Okawaru
Qazlal
Ru
Sif Muna
Trog
Uskayaw
Vehumet
Wu Jian
Xom
Yredelemnul
Zin
The Shining One

Shops:
D:2 *

Annotations:
D:6 1 runed translucent door, Drazool's ghost, novice MiFi
D:9 Harold; Joseph


Message History

Things that are here:
a +0 short sword; 3 stones; a kobold corpse You enter the shallow water.
Moving in this stuff is going to be slow.
There is an empty arch of ancient stone here.
You enter the shallow water.
Moving in this stuff is going to be slow.
There is a stone staircase leading down here.
You climb downwards.
A two-headed ogre, Joseph and Harold come into view.
The two-headed ogre is wielding a +0 giant club and a +2 dire flail of protection.
The two-headed ogre shouts in stereo!
Joseph shouts!
Found 18 gold pieces, a short sword, a ring mail, a whip and a war axe.
There is a stone staircase leading up here.
Harold shouts!
Harold throws a throwing net.
The throwing net hits you.
You become entangled in the net!
You stop ascending the stairs.
Joseph unwields a +0 quarterstaff.
Joseph wields a +0 hunting sling.
Joseph shoots a sling bullet.
The sling bullet hits you!
There are no objects that can be picked up here. a throwing net You struggle against the net.
Harold fires a harpoon shot at you. The harpoon shot hits you!
You are yanked forward by the harpoon shot.
Harold hits you from afar with a +0 trident!
Joseph shoots a sling bullet.
The sling bullet hits you!
Harold throws a throwing net.
The throwing net hits you.
You become entangled in the net!
There is a stone staircase leading up, spattered with blood here.
Things that are here:
a throwing net; a throwing net You tear a large gash into the net.
The two-headed ogre completely misses you.
The two-headed ogre barely misses you.
You struggle against the net.
Harold closely misses you.
The two-headed ogre hits you with a +0 giant club!!
* * * LOW HITPOINT WARNING * * *
The two-headed ogre hits you with a +2 dire flail of protection!
You die...

#######
.......
......### .
.......##
#..##.....##
...........#
#...)@O@.@.#
##.......###
#.......#
....[....#
.........#
###.....)#
.........
..... .
)##.#....
..... .
...8.. $


You could see Harold, Joseph and a two-headed ogre.

Vanquished Creatures
  A komodo dragon (D:7)
  A polar bear (D:8)
  A troll (D:7)
  A yak (D:8)
  A steam dragon (D:8)
  Menkaure (D:6)
  A water moccasin (D:7)
  3 ice beasts
  A black bear (D:8)
  A centaur (D:3)
  3 ogres
  A phantom (D:4)
  A kobold brigand (D:8)
  4 bullfrogs
  A wyvern skeleton (D:5)
  A scorpion (D:5)
  8 wights (D:7)
  A howler monkey (D:5)
  3 electric eels (D:8)
  A centaur zombie (D:6)
  A bullfrog zombie (D:5)
  A centaur skeleton (D:5)
  6 hounds
  3 jellies
  A gnoll shaman (D:7)
  2 orc priests
  4 iguanas
  3 orc wizards
  A merfolk siren (Sewer)
  A merfolk avatar (Sewer)
  A hound skeleton (D:4)
  6 adders
  6 gnolls
  3 howler monkey skeletons
  5 river rats
  A shadow imp (D:5)
  2 white imps (D:8)
  3 ufetubi
  A worm (D:2)
  2 dart slugs
  18 orcs
  2 endoplasms
  2 giant cockroaches
  4 goblins
  10 hobgoblins
  5 jackals
  5 quokkas
  11 ball pythons
  3 bats
  9 frilled lizards
  A hobgoblin skeleton (D:9)
  11 kobolds
  An orc skeleton (D:9)
  38 rats
209 creatures vanquished.

Vanquished Creatures (others)
  8 fulminant prisms
8 creatures vanquished.

Grand Total: 217 creatures vanquished

Notes
Turn   | Place    | Note
-------+----------+-------------------------------------------
     0 | D:1      | porpoise the Deep Elf Conjurer began the quest for the Orb.
     0 | D:1      | Reached XP level 1. HP: 10/10 MP: 6/6
   275 | D:1      | Reached XP level 2. HP: 15/15 MP: 6/8
   310 | D:1      | Learned a level 2 spell: Searing Ray
   958 | D:2      | Reached skill level 5 in Conjurations
   958 | D:2      | Reached XP level 3. HP: 19/19 MP: 7/10
  1246 | D:2      | Found Jam Pats's Assorted Antiques.
  2033 | D:3      | Reached XP level 4. HP: 24/24 MP: 2/12
  2423 | D:3      | Reached skill level 5 in Spellcasting
  2474 | D:3      | Found a stormy altar of Qazlal.
  2544 | D:3      | Noticed a centaur
  2551 | D:3      | Killed a centaur
  2552 | D:3      | Reached skill level 1 in Fighting
  2552 | D:3      | Reached skill level 6 in Conjurations
  2552 | D:3      | Reached XP level 5. HP: 25/29 MP: 9/14
  2770 | D:3      | Learned a level 4 spell: Fulminant Prism
  2775 | D:3      | Learned a level 4 spell: Iskenderun's Mystic Blast
  3178 | D:4      | Reached XP level 6. HP: 35/35 MP: 10/15
  3395 | D:4      | Reached skill level 7 in Conjurations
  3800 | D:5      | Entered Level 5 of the Dungeon
  3884 | D:5      | Reached skill level 1 in Shields
  3884 | D:5      | Reached XP level 7. HP: 41/41 MP: 11/16
  4707 | D:5      | Reached XP level 8. HP: 48/48 MP: 13/17
  5192 | D:6      | Found a glowing drain.
  5211 | Sewer    | Entered a sewer
  5918 | Sewer    | Reached skill level 5 in Fighting
  6240 | D:6      | Found a runed translucent door.
  6241 | D:6      | Noticed a cyclops
  6242 | D:6      | Noticed Drazool's ghost (novice MiFi)
  6264 | D:6      | Noticed Menkaure
  6270 | D:6      | Killed Menkaure
  6441 | D:6      | Reached skill level 5 in Dodging
  6558 | D:6      | Reached skill level 1 in Hexes
  6558 | D:6      | Reached skill level 1 in Translocations
  6610 | D:6      | Found a burning altar of Makhleb.
  7186 | D:7      | Found a staircase to the Ecumenical Temple.
  7335 | Temple   | Entered the Ecumenical Temple
  7471 | Temple   | Became a worshipper of Vehumet
  7677 | D:7      | Noticed a komodo dragon
  7677 | D:7      | Noticed a troll
  7738 | D:7      | Killed a troll
  7739 | D:7      | Reached skill level 5 in Hexes
  7739 | D:7      | Reached XP level 9. HP: 24/54 MP: 7/18
  7982 | D:7      | Killed a komodo dragon
  7983 | D:7      | Reached skill level 5 in Translocations
  8195 | D:7      | Reached skill level 1 in Evocations
  8451 | D:8      | Found a staircase to the Lair.
  8688 | D:8      | Noticed a polar bear
  8699 | D:8      | Killed a polar bear
  8700 | D:8      | Reached skill level 8 in Conjurations
  8819 | D:8      | Reached * piety under Vehumet
  8819 | D:8      | Offered knowledge of Shock by Vehumet.
  9362 | D:8      | Found a burning altar of Makhleb.
  9399 | D:8      | Reached skill level 5 in Evocations
  9399 | D:8      | Reached XP level 10. HP: 50/59 MP: 10/19
  9836 | D:9      | Noticed Joseph
  9836 | D:9      | Noticed Harold
  9836 | D:9      | Noticed a two-headed ogre
  9842 | D:9      | HP: 1/59 [two-headed ogre/+0 giant club (20)]
  9842 | D:9      | Mangled by a two-headed ogre

Illustrated notes

Levels and vault maps discovered:
D:1:      mrwooster_arrival_statue_2, layout_loops_cross, serial_glass,
          glass_columns_c, glass_columns_b, item_on_display_a
D:2:      layout_basic, serial_shops, shop
D:3:      layout_basic, dk_noncrumbling_3, grunt_qazlal_clouds
D:4:      layout_gridville
D:5:      layout_basic
D:6:      layout_loops_ring, basic_altar, ebering_ghost_inner_flame,
          portal_sewer_entry_e, uniq_menkaure
D:7:      kennysheep_big_flooded_room, layout_loops_ring,
          minmay_temple_entry_water_ring
D:8:      layout_basic, nicolae_overflow_crystal_walls, lair_entry_dummy,
          serial_ice, serial_ice_j, serial_ice_m, serial_ice_c, serial_ice_g,
          serial_ice_o, roderic_cross_of_infinity
D:9:      layout_rooms, zombieorc2_lemuel, uniq_joseph, uniq_harold,
          uniq_erolcha
Temple:   kilobyte_greek_temple

Skill      XL: |  1  2  3  4  5  6  7  8  9 |
---------------+----------------------------+-----
Spellcasting   | 4 5 |  5.0
Conjurations   | 5 6 7 8 |  8.8
Fighting       | 1 2 3 4 5 |  5.0
Shields        | 1 3 4 |  4.0
Dodging        | 5 |  5.0
Hexes          | 5 7 |  7.0
Translocations | 4 5 |  5.0
Evocations     | 5 |  5.0
Stealth        | |  2.4

Action                   |  1- 3 |  4- 6 |  7- 9 | 10-12 || total
-------------------------+-------+-------+-------+-------++-------
 Fire: Hunting sling     |       |     9 |   106 |       ||   115
 Cast: Magic Dart        |    52 |     2 |    32 |       ||    86
       Searing Ray       |     9 |    20 |    81 |     5 ||   115
       Fulminant Prism   |       |       |     8 |       ||     8
Evoke: Wand              |       |     1 |     7 |       ||     8
  Use: Scroll            |       |       |    13 |       ||    13
Armor: Robe              |     1 |     2 |    10 |     2 ||    15
Dodge: Dodged            |     1 |     4 |    41 |     8 ||    54
Block: Buckler           |       |       |     5 |     1 ||     6

Table legend: (Time is in decaauts)
 A = Elapsed time spent in this place.
 B = Non-inter-level travel time spent in this place.
 C = Inter-level travel time spent in this place.
 D = Time resting spent in this place.
 E = Time spent auto-exploring this place.
 F = Levels seen in this place.
 G = Mean time per level.
                   A        B        C        D        E       F      G
               +--------+--------+--------+--------+--------+-----+--------+
         Total |   9936 |   9636 |    300 |   3405 |   4554 |  11 |  903.3 |
       Dungeon |   8861 |   8591 |    270 |   2920 |   4419 |   9 |  984.6 |
        Temple |    166 |    136 |     30 |      0 |    118 |   1 |  166.0 |
         Sewer |    909 |    909 |      0 |    485 |     17 |   1 |  909.0 |
               +--------+--------+--------+--------+--------+-----+--------+

Top non-repeatable levels by time:
     D:8: 1379 daAuts
     D:7: 1332 daAuts
     D:5: 1266 daAuts
     D:3: 1132 daAuts
     D:6: 1066 daAuts
     D:4: 986 daAuts
   Sewer: 909 daAuts
     D:1: 870 daAuts
     D:2: 808 daAuts
  Temple: 166 daAuts
     D:9: 19 daAuts
